 Dungeon Crawl Stone Soup version 0.17.0-28-g6e173f8 (webtiles) character file.

2419521 Vex the Axe Maniac (level 27, 198/273 HPs)
             Began as a Minotaur Fighter on Nov 25, 2015.
             Was the Champion of Okawaru.
             Escaped with the Orb
             ... and 4 runes!
             The game lasted 07:32:23 (76081 turns).

Vex the Axe Maniac (Minotaur Fighter)              Turns: 76081, Time: 07:32:23

Health: 198/273    AC: 37    Str: 33    XL:     27
Magic:  30/30      EV: 18    Int:  7    God:    Okawaru [******]
Gold:   4030       SH: 25    Dex: 16    Spells: 0 memorised, 32 levels left

rFire  + + +     SeeInvis .     o - +3 broad axe of Trauma {speed, rElec rC+ MR+ Dex+3}
rCold  + + +     Clarity  .     r - +7 plate armour of the Iron City of Dis {rF+ Slay+5}
rNeg   + . .     SustAt   .     Z - +5 shield {reflect}
rPois  +         Gourm    .     B - +2 hat {MR+}
rElec  +         Spirit   .     E - +2 cloak {rPois}
rCorr  +         Warding  .     x - +1 pair of gloves of Benevolence {Slay+5}
rMut   .         Stasis   .     W - +2 pair of boots {run}
MR     +++++                    y - amulet "Wuv Xys" {rCorr rF++ rC+++ Str+4 Slay-3}
Stlth  +.........               A - ring "Foc Asewn" {+Fly rN+ MR+ Stlth+}
                                L - +6 ring of slaying

@: quick, almost entirely resistant to hostile enchantments, very unstealthy
A: retaliatory headbutt, horns 2, deformed body
a: Heroism, Finesse, Renounce Religion, Evoke Flight
0: Orb of Zot
}: 4/15 runes: barnacled, slimy, silver, gossamer


You escaped.
You worshipped Okawaru.
Okawaru was exalted by your worship.
You were not hungry.

You visited 11 branches of the dungeon, and saw 60 of its levels.
You visited 1 bazaar.
You visited 1 ziggurat, and saw 18 of its levels.
You also visited: Ossuary, Volcano and Wizlab.

You collected 8857 gold pieces.
You spent 4827 gold pieces at shops.

Inventory:

Hand Weapons
 o - the +3 broad axe of Trauma (weapon) {speed, rElec rC+ MR+ Dex+3}
   (Okawaru gifted it to you on level 5 of the Vaults)

   Attacks with this weapon are significantly faster.
   It affects your dexterity (+3).
   It protects you from cold.
   It insulates you from electricity.
   It affects your resistance to hostile enchantments.
 C - the +5 hand crossbow of the Equator {freeze, rN+}
   (You found it on level 5 of the Vaults)

   It causes projectiles fired from it to freeze those they strike, causing
   extra injury to most foes and up to half again as much damage against
   particularly susceptible opponents.
   They can also slow down cold-blooded creatures.
   It protects you from negative energy.
 R - the +10 hand axe "Dragon's Tongue" {elec, +Blink rF+ rN++ MP-9}
   (You found it on level 1 of the Depths)

   Occasionally, upon striking a foe, it will discharge some electrical energy
   and cause terrible harm.
   It protects you from fire.
   It greatly protects you from negative energy.
   It affects your magic capacity (-9).
   It lets you blink.
Missiles
 i - 364 bolts
 K - 23 bolts of frost
Armour
 d - the +0 shield "Onesaos" {+Fly MR++ Str+2 Stlth-, unknown}
   (Okawaru gifted it to you on level 7 of the Dungeon)

   It affects your strength (+2).
   It affects your resistance to hostile enchantments.
   It lets you fly.
   It makes you less stealthy.
 r - the +7 plate armour of the Iron City of Dis (worn) {rF+ Slay+5}
   (You acquired it in an ossuary)

   It affects your accuracy and damage with ranged weapons and melee attacks
   (+5).
   It protects you from fire.
 x - the +1 pair of gloves of Benevolence (worn) {Slay+5}
   (You bought it in a shop on level 3 of the Orcish Mines)

   It affects your accuracy and damage with ranged weapons and melee attacks
   (+5).
 B - a +2 hat of magic resistance (worn)
 E - a +2 cloak of poison resistance (worn)
 O - the +2 pair of gloves "Zier" {rF- rC++ Regen+ Str+4}
   (Okawaru gifted it to you on level 14 of the Dungeon)

   It affects your strength (+4).
   It makes you vulnerable to fire.
   It greatly protects you from cold.
   It increases your rate of regeneration.
 W - a +2 pair of boots of running (worn)
 Z - a +5 shield of reflection (worn)
Jewellery
 c - the amulet of Immahed {rMut MR+}
   (You took it off a deep elf conjurer on level 5 of the Vaults)

   [amulet of resist mutation]

   It protects you from mutation.
   It affects your resistance to hostile enchantments.
 f - an uncursed amulet of clarity
 y - the amulet "Wuv Xys" (around neck) {rCorr rF++ rC+++ Str+4 Slay-3}
   (You found it on level 11 of a ziggurat)

   [amulet of resist corrosion]

   It protects you from acid and corrosion.
   It affects your strength (+4).
   It affects your accuracy and damage with ranged weapons and melee attacks
   (-3).
   It greatly protects you from fire.
   It renders you almost immune to cold.
 A - the ring "Foc Asewn" (right hand) {+Fly rN+ MR+ Stlth+}
   (You found it on level 13 of a ziggurat)

   [ring of flight]

   It protects you from negative energy.
   It affects your resistance to hostile enchantments.
   It lets you fly.
   It makes you more stealthy.
 L - a +6 ring of slaying (left hand)
 U - the ring of Shadows {Umbra +Inv rN+ SInv}
   (You took it off a frost giant on level 2 of the Depths)

   [ring of invisibility]

   It protects you from negative energy.
   It lets you see invisible.
   It lets you turn invisible.
 V - the amulet "Joqeix" {rN++ Regen+ MP+9}
   (You took it off an ogre mage on level 5 of the Vaults)

   [amulet of regeneration]

   It greatly protects you from negative energy.
   It affects your magic capacity (+9).
   It increases your rate of regeneration.
Wands
 k - a wand of cold (6)
 q - a wand of teleportation (4)
 s - a wand of digging (14)
 M - a wand of invisibility (3)
 Q - a wand of disintegration (6)
 S - a wand of digging (16)
Scrolls
 g - 11 scrolls of fear
 h - a scroll of silence
 j - 34 scrolls of remove curse
 n - 28 scrolls of teleportation
 p - a scroll of recharging
 D - 7 scrolls of blinking
 I - 4 scrolls of holy word
 J - a scroll of amnesia
 P - 9 scrolls of magic mapping
Potions
 b - a potion of agility
 l - 4 potions of haste
 m - 21 potions of curing
 t - 10 potions of berserk rage
 u - 6 potions of flight
 H - a potion of cure mutation
Comestibles
 a - 3 beef jerkies
 e - 34 bread rations
 w - 32 fruits
 N - 14 meat rations


   Skills:
 O Level 27 Fighting
 O Level 27 Axes
 + Level 5.5 Crossbows
 + Level 1.5 Throwing
 + Level 26.4 Armour
 + Level 14.5 Dodging
 + Level 20.8 Stealth
 O Level 27 Shields
 + Level 3.1 Spellcasting
 + Level 11.0 Invocations
 + Level 7.3 Evocations


You had 32 spell levels left.
You didn't know any spells.

Dungeon Overview and Level Annotations

Branches:
Dungeon (15/15)            Temple (1/1) D:4            Lair (8/8) D:11
 Shoals (4/4) Lair:5       Spider (4/4) Lair:6        Slime (6/6) Lair:8
    Orc (4/4) D:12            Elf (3/3) Orc:4        Vaults (5/5) D:13
  Crypt (0/3) Vaults:2     Depths (5/5) D:15            Zot (5/5) Depths:5

Altars:
Ashenzari
Cheibriados
Dithmenos
Elyvilon
Fedhas
Gozag
Kikubaaqudgha
Makhleb
Nemelex Xobeh
Okawaru
Qazlal
Ru
Sif Muna
Trog
Vehumet
Xom
Yredelemnul
Zin
The Shining One
Jiyva

Shops:
D:6 }   D:8 (   D:9 }   D:12 [   Orc:3 [%   Orc:4 ([(:*   Vaults:2 ?
Depths:3 :[*=*   Depths:5 *

Portals:
Hell: Depths:1 Depths:2 Depths:3 Depths:4 Depths:5
Abyss: Depths:3 Depths:4
Pandemonium: Depths:3
Trove: Vaults:3 (show abyssal rune of Zot)


Innate Abilities, Weirdness & Mutations

You reflexively headbutt those who attack you in melee.
You have a pair of horns on your head.
Armour fits poorly on your strangely shaped body.


Message History

The hell beast is almost dead.
You block the hell beast's attack. The hell beast misses you.
You slice the hell beast like a ripe choko!!!
You kill the hell beast!
Okawaru accepts your kill.
You climb upwards.
There is a stone staircase leading down here.
A shadow demon comes into view.
You see here a halberd.
The shadow demon gestures.
You block the bat's attack.
The shadow demon gestures.
The bat dissolves into shadows!
There is a large open door here.
There is a large open door here.
There is a fountain of clear blue water here.
There is a staircase leading out of the dungeon here.
You can't go down here!
You block the rat's attack.
You have escaped!

...#
#...####.###....#.......##.
####
#)..####..##g)..#.########.
#...##....8s....#.# #.
#.(.##.##...##..#.#### #.
#...##..##g##........# #. ##
###(###..#2#......##.## #.
.########(###..#l#..........#
#.
.#........##..##r##.....##..#
##
....####......+⌠@⌠+...#.##..#
# ....#
#.###..##⌠##......#..# ....#
#.#.....#+#..#.÷.....# .####
##.#.#...#+#..#.#..##.#### .#
#.......##.##............# ##
#..##).##...##..####.....#
#.........8..............#
#.##.##.######.#####.....#
#.>.....# #.....# #.....#


You could see a shadow demon, a giant cockroach, a hobgoblin, a giant newt and a
rat.

Vanquished Creatures
  the royal jelly (Slime:6)
  Dissolution (Slime:3)
  Tiamat (Zot:4)
  5 orbs of fire
  10 ancient liches
  Mara (Depths:3)
  A greater mummy (Depths:3)
  The ghost of SaintRoka the Executioner, a veteran MiTm of Okawaru (Depths:4)
  Norris (Vaults:2)
  Saint Roka (Vaults:4)
  15 pandemonium lords
  6 Killer Klowns
  A caustic shrike (Depths:2)
  Nikola (Shoals:1)
  9 golden dragons
  A profane servitor (Depths:1)
  Xtahua (Vaults:5)
  A bone dragon (Zig:9)
  3 electric golems
  3 Brimstone Fiends (Zig:18)
  5 Ice Fiends
  A Hell Sentinel (Zig:18)
  Rupert (Lair:7)
  A hellephant (Zot:4)
  34 Orb Guardians
  12 tentacled monstrosities
  3 Shadow Fiends
  6 deep elf blademasters
  6 liches
  3 titans (Vaults:5)
  3 tentacled starspawn
  22 acid blobs
  The ghost of Leszczynek the Bludgeoner, an adept HuWn of Nemelex Xobeh (WizLab)
  A kraken (Shoals:3)
  The ghost of juilesy the Tortoise, an adept MiGl of the Shining One (Depths:1)
  An eldritch tentacle (Zig:16)
  3 Executioners
  2 deep elf master archers
  2 quicksilver dragons
  Polyphemus (Shoals:2)
  Gastronok (D:9)
  3 ancient champions (Zig:16)
  5 sphinxes
  3 death cobs
  2 octopode crushers (Zig:14)
  Agnes (Spider:2)
  10 large abominations
  8 shadow dragons
  20 storm dragons
  9 tengu reavers
  A greater naga (Zig:14)
  4 blood saints
  A fire giant (shapeshifter) (Zig:10)
  Roxanne (Shoals:3)
  7 frost giants
  Ilsuiw (Shoals:4)
  2 azure jellies (shapeshifter)
  11 azure jellies
  7 fire giants
  2 revenants
  Wiglaf (Vaults:5)
  3 draconian monks
  4 chaos champions
  Maud (Orc:4)
  5 deep elf sorcerers
  A frost giant (shapeshifter) (Zig:15)
  2 iron dragons (Vaults:5)
  18 vault wardens
  6 cacodemons
  8 ghost moths
  2 caustic shrike zombies
  4 draconian scorchers
  Aizul (Elf:2)
  6 draconian knights
  2 curse skulls (Zig:16)
  A juggernaut zombie (Depths:3)
  10 draconian zealots
  7 emperor scorpions
  9 very ugly things
  2 reapers
  7 draconian shifters
  5 balrugs
  A ghoul (Zig:16)
  4 draconian annihilators
  21 ironheart preservers
  7 draconian callers
  A spriggan defender (Depths:5)
  A caustic shrike skeleton (Depths:2)
  4 war gargoyles
  A stone giant (shapeshifter) (Zig:10)
  6 green draconians
  A corrupter (Zig:18)
  7 vampire knights
  Nessos (Lair:7)
  19 stone giants
  15 black draconians
  A lorocyproca (Zig:18)
  12 deep elf annihilators
  2 salamander stormcallers
  12 red draconians
  13 deep elf demonologists
  8 purple draconians
  10 white draconians
  2 dire elephants
  4 mottled draconians
  9 yellow draconians
  A black sun (Zig:8)
  2 pearl dragon zombies (Depths:1)
  4 eidola
  9 deep elf death magi
  Snorg (Orc:2)
  10 merfolk javelineers
  6 crystal guardians
  11 ettins
  4 green deaths
  5 death oozes (Slime:6)
  6 deep elf high priests
  16 merfolk impalers
  5 jiangshi
  30 fire dragons
  5 blizzard demons
  21 ogre magi
  37 vault guards
  5 entropy weavers
  10 great orbs of eyes
  18 yaktaur captains
  18 ice dragons
  2 hell beasts
  9 small abominations
  15 hydras
  5 catoblepae
  11 centaur warriors
  3 anacondas (Depths:2)
  2 rakshasas
  The ghost of paplaukes the Sneak, a journeyman DsSk of Xom (Lair:1)
  Erica (D:10)
  5 alligator snapping turtles
  10 spriggan air magi
  6 merfolk aquamancers
  3 death knights
  8 merfolk avatars
  15 dancing weapons (Elf:2)
  An alligator (shapeshifter) (Zig:10)
  13 deep troll shamans
  9 deep troll earth magi
  15 death yaks
  5 tengu warriors
  4 vampire magi
  11 spriggan berserkers
  A satyr (Shoals:2)
  A storm dragon zombie (Depths:3)
  8 orc high priests
  A naga sharpshooter (Zig:14)
  A soul eater (Zig:18)
  2 thrashing horrors
  19 deep elf knights
  A fire crab (shapeshifter) (Depths:2)
  5 sun demons
  3 iron golems (WizLab)
  A fire crab (Vaults:2)
  3 hell hogs (Depths:1)
  A spatial maelstrom (Zig:9)
  7 skeletal warriors
  4 iron trolls
  A salamander mystic (Depths:4)
  2 spriggan druids (Depths:2)
  4 shadow wraiths
  3 unseen horrors
  17 sea snakes
  The ghost of aves the Grappler, a novice VSMo of Cheibriados (D:12)
  2 golden dragon zombies (Depths:3)
  6 hell knights (Depths:3)
  20 ironbrand convokers
  A shadow demon (Zig:18)
  2 flayed ghosts
  A naga ritualist (Zig:14)
  4 wizards
  32 deep trolls
  6 necromancers
  22 deep elf summoners
  A tengu zombie (Depths:3)
  2 giant orange brains (shapeshifter)
  A swamp dragon (Zig:2)
  7 giant orange brains
  7 phantasmal warriors
  7 lindwurms
  The ghost of Dickchan the Carver, a novice MiBe of Trog (D:7)
  A lindwurm (shapeshifter) (Vaults:2)
  A wolf spider zombie (D:14)
  33 harpies
  2 torturous demonspawn
  21 wolf spiders
  8 orb spiders
  A golden dragon skeleton (Depths:3)
  9 hill giants
  5 orc sorcerers
  25 orc knights
  A mana viper (shapeshifter) (D:15)
  25 deep elf conjurers
  9 shining eyes
  38 ugly things
  2 fire giant zombies (Depths:3)
  7 sixfirhies
  11 griffons
  6 manticores
  5 oklob plants
  12 elephants
  A water nymph (shapeshifter) (D:13)
  A stone giant zombie (Depths:3)
  2 frost giant zombies (Depths:3)
  An iron dragon skeleton (Zig:7)
  6 black mambas
  4 apocalypse crabs
  26 moths of wrath
  An orc zombie (Vaults:2)
  12 cyclopes
  4 salamanders
  4 apis skeletons (Depths:1)
  3 salamanders (shapeshifter)
  6 fauns (Shoals:2)
  11 water nymphs
  Maurice (Orc:3)
  A fire giant skeleton (Depths:2)
  10 hornets
  11 sirens
  2 spriggan zombies
  An eye of devastation (shapeshifter) (Vaults:4)
  9 vault sentinels
  2 smoke demons (Zig:5)
  A torpor snail (Spider:4)
  11 gargoyles
  2 molten gargoyles
  An octopode (shapeshifter) (Depths:3)
  4 orange demons
  4 kobold demonologists
  64 yaktaurs
  3 tormentors
  13 spiny frogs
  A komodo dragon (shapeshifter) (Vaults:5)
  An efreet (Zig:5)
  2 elf skeletons
  3 red devils
  A spriggan skeleton (Zig:7)
  6 demonic crawlers
  A queen bee (shapeshifter) (Vaults:5)
  5 fire drakes
  A giant leech (Zig:2)
  4 freezing wraiths
  5 komodo dragons
  17 deep elf priests
  3 guardian mummies (Depths:3)
  3 hellwings
  8 trolls
  A polar bear (Lair:3)
  2 ancient zymes (Zig:9)
  4 blue devils
  A sphinx simulacrum (Depths:3)
  A giant leech (shapeshifter) (Zig:10)
  17 jumping spiders
  A jumping spider (shapeshifter) (D:15)
  A raiju (Zig:5)
  53 merfolk
  A polar bear (shapeshifter) (D:15)
  A tengu simulacrum (Vaults:2)
  A human simulacrum (Vaults:2)
  Prince Ribbit (D:9)
  107 slime creatures
  6 wind drakes
  A troll (shapeshifter) (Vaults:3)
  A boulder beetle (Vaults:2)
  25 two-headed ogres
  A raiju (shapeshifter) (Depths:1)
  A harpy skeleton (D:15)
  2 trapdoor spiders (shapeshifter)
  3 ynoxinuls
  17 blink frogs
  An ettin skeleton (Zig:7)
  39 redbacks
  6 starcursed masses (Zig:9)
  11 snapping turtles
  3 wraiths
  22 tarantellas
  32 deep elf magi
  78 yaks
  9 spriggans
  18 trapdoor spiders
  13 air elementals
  3 wyverns
  A shadow (D:14)
  A tarantella (shapeshifter) (Vaults:1)
  21 water elementals
  A golden eye (shapeshifter) (Elf:2)
  46 deep elf fighters
  A human (shapeshifter) (Depths:3)
  2 basilisks (Lair:2)
  3 neqoxecs
  A fire bat (Zig:5)
  A hippogriff (shapeshifter) (Vaults:5)
  2 basilisks (shapeshifter)
  5 chaos spawn
  4 steam dragons
  9 wolves
  A hog (shapeshifter) (Vaults:5)
  A soldier ant (shapeshifter) (Vaults:2)
  4 wargs
  16 hippogriffs
  2 hungry ghosts
  10 vampire mosquitoes
  2 mottled dragons
  55 orc warriors
  25 water moccasins
  A soldier ant (D:11)
  3 hell hounds (Depths:2)
  7 porcupines
  4 sky beasts
  5 black bears
  2 phantoms (D:6)
  14 spiders
  5 ice beasts
  A black bear (shapeshifter) (Vaults:1)
  87 ogres
  10 eyes of draining
  A human zombie (Vaults:2)
  16 boggarts
  27 centaurs
  A necrophage (D:13)
  11 wasps
  24 crocodiles
  4 big kobolds
  A glowing shapeshifter simulacrum (Vaults:2)
  18 giant frogs
  4 gnoll sergeants
  A wyvern zombie (D:14)
  A wyvern skeleton (D:13)
  3 earth elementals (WizLab)
  6 scorpions
  A water moccasin zombie (Ossuary)
  14 killer bees
  15 wights
  9 electric eels
  2 bog bodies (Ossuary)
  6 giant frog zombies
  2 lava snakes (Volcano)
  6 centaur zombies
  11 crimson imps
  20 jellies
  2 quasits
  12 worker ants
  10 iguanas
  53 orc priests
  7 hounds
  A giant frog skeleton (D:13)
  A hound (shapeshifter) (Vaults:5)
  39 orc wizards
  3 centaur skeletons
  56 sheep
  A lightning spire (Zig:6)
  5 hound zombies
  2 hound skeletons
  19 mummies
  2 worker ant zombies (Ossuary)
  19 gnolls
  14 adders
  51 river rats
  8 shadow imps
  A white imp (Depths:3)
  A giant eyeball (Zig:16)
  2 oozes (D:2)
  2 adder zombies
  An adder skeleton (D:6)
  5 worms
  7 giant geckos
  246 orcs
  2 ball pythons
  7 bats
  9 giant cockroaches
  17 goblins
  7 hobgoblins
  9 jackals
  28 kobolds
  3 quokkas
  A giant cockroach zombie (Ossuary)
  2 giant gecko zombies
  2 giant newts
  A goblin zombie (D:6)
  2 jackal zombies (Ossuary)
  4 quokka zombies
  8 rats
  A rat zombie (D:6)
  3 bushes (Shoals:3)
  2 butterflies (D:11)
  4 crawling corpses
  3 fire vortices (Zig:18)
  13 fungi
  15 plants
  3 starspawn tentacles (Zig:9)
  3 tentacles (Shoals:3)
3390 creatures vanquished.

Vanquished Creatures (collateral kills)
  A shadow dragon (Vaults:5)
1 creature vanquished.

Vanquished Creatures (others)
  A Shadow Fiend (Zig:18)
  2 deep elf master archers
  An Executioner (Zig:18)
  A warmonger (Zig:18)
  A tengu reaver (Vaults:4)
  A draconian monk (Zig:12)
  A draconian scorcher (Depths:5)
  A stone giant (Depths:2)
  2 deep elf high priests
  A yaktaur captain (Vaults:5)
  2 ogre magi (Zig:11)
  A hell beast (Zig:13)
  A centaur warrior (Depths:2)
  A sea snake (Shoals:3)
  2 deep elf conjurers
  An ugly thing (Zig:15)
  8 yaktaurs
  A merfolk (Shoals:1)
  A deep elf priest (Elf:2)
  A two-headed ogre (Depths:2)
  A centaur (Depths:2)
  An orc (Vaults:3)
  32 eldritch tentacle segments (Zig:16)
  33 fungi
  12 plants
  3 starspawn tentacles (Zig:9)
  21 starspawn tentacle segments (Zig:9)
  5 tentacles (Shoals:3)
  71 tentacle segments (Shoals:3)
210 creatures vanquished.

Grand Total: 3601 creatures vanquished

Notes
Turn   | Place    | Note
--------------------------------------------------------------
     0 | D:1      | Vex the Minotaur Fighter began the quest for the Orb.
     0 | D:1      | Reached XP level 1. HP: 19/19 MP: 0/0
    11 | D:1      | Reached skill level 4 in Shields
    11 | D:1      | Reached XP level 2. HP: 10/27 MP: 1/1
   417 | D:1      | Reached XP level 3. HP: 31/33 MP: 2/2
   873 | D:2      | You fall through a shaft!
   873 | D:3      | Found a blossoming altar of Fedhas.
   878 | D:3      | Noticed a centaur
  1125 | D:2      | Reached XP level 4. HP: 40/40 MP: 3/3
  1565 | D:2      | Reached XP level 5. HP: 37/47 MP: 4/4
  1567 | D:2      | Killed a centaur
  1567 | D:2      | Reached skill level 5 in Fighting
  1567 | D:2      | Reached skill level 1 in Dodging
  1705 | D:3      | Noticed an ogre
  1737 | D:2      | Killed an ogre
  1737 | D:2      | Reached skill level 5 in Armour
  1737 | D:2      | Reached XP level 6. HP: 9/56 MP: 5/5
  2128 | D:3      | Found an opulent altar of Gozag.
  2194 | D:3      | Found a glowing silver altar of Zin.
  2194 | D:3      | Found an opulent altar of Gozag.
  2589 | D:3      | Found an iron altar of Okawaru.
  2595 | D:3      | Found a shadowy altar of Dithmenos.
  2600 | D:3      | Became a worshipper of Warmaster Okawaru
  2660 | D:4      | Reached skill level 5 in Shields
  2726 | D:4      | Found a staircase to the Ecumenical Temple.
  2740 | Temple   | Entered the Ecumenical Temple
  3049 | D:4      | Found a deep blue altar of Sif Muna.
  3262 | D:5      | Entered Level 5 of the Dungeon
  3473 | D:5      | Reached XP level 7. HP: 47/62 MP: 6/6
  3715 | D:5      | Reached skill level 6 in Fighting
  3715 | D:5      | Reached skill level 5 in Axes
  3716 | D:5      | Reached * piety under Okawaru
  3920 | D:5      | Found a radiant altar of Vehumet.
  4081 | D:6      | Found Femith's Gadget Boutique.
  4213 | D:6      | Reached XP level 8. HP: 67/71 MP: 7/7
  4215 | D:6      | Reached skill level 7 in Armour
  4349 | D:6      | Found a sand-covered staircase.
  4445 | Ossuary  | Entered an ossuary
  4488 | Ossuary  | Reached ** piety under Okawaru
  5017 | Ossuary  | Identified a scroll of acquirement
  5020 | Ossuary  | Got a brightly glowing plate armour
  5031 | Ossuary  | Identified the +7 plate armour of the Iron City of Dis {rF+ Slay+5} (You acquired it in an ossuary)
  5105 | D:6      | Found a basalt altar of Yredelemnul.
  5128 | D:6      | Reached XP level 9. HP: 79/79 MP: 8/8
  5237 | D:6      | Reached *** piety under Okawaru
  5437 | D:6      | Reached skill level 5 in Dodging
  5888 | D:7      | Reached skill level 8 in Axes
  6100 | D:7      | Reached **** piety under Okawaru
  6100 | D:7      | Reached skill level 9 in Axes
  6159 | D:7      | Noticed Dickchan's ghost (novice MiBe)
  6167 | D:7      | Killed Dickchan's ghost
  6336 | D:7      | Reached XP level 10. HP: 85/88 MP: 9/9
  6957 | D:8      | Found Ganaj's Weapon Shop.
  7066 | D:8      | Found an iron altar of Okawaru.
  7109 | D:8      | Found a burning altar of Makhleb.
  7109 | D:8      | Found a shimmering altar of Xom.
  7111 | D:8      | Reached skill level 10 in Axes
  7441 | D:9      | Reached skill level 1 in Stealth
  7721 | D:9      | Found a snail-covered altar of Cheibriados.
  7766 | D:9      | Reached ***** piety under Okawaru
  7840 | D:9      | Noticed Prince Ribbit
  7853 | D:9      | Killed Prince Ribbit
  7864 | D:9      | Found Pemeoh's Quality Used Wands.
  7943 | D:9      | Reached skill level 11 in Axes
  7996 | D:9      | Noticed Gastronok
  8009 | D:9      | Killed Gastronok
  8009 | D:9      | Reached skill level 10 in Fighting
  8009 | D:9      | Reached skill level 10 in Shields
  8009 | D:9      | Reached XP level 11. HP: 84/100 MP: 10/10
  8022 | D:9      | Found a sparkling altar of Nemelex Xobeh.
  8275 | D:10     | Entered Level 10 of the Dungeon
  8284 | D:10     | Noticed Erica
  8291 | D:10     | Killed Erica
  8291 | D:10     | Reached skill level 10 in Armour
  8331 | D:10     | Noticed a hill giant
  8338 | D:10     | Killed a hill giant
  8750 | D:10     | Received a gift from Okawaru
  8763 | D:10     | Got an ichor-stained ring mail {god gift}
  8781 | D:10     | Identified the +3 ring mail of the Great Game {Int+6} (Okawaru gifted it to you on level 10 of the Dungeon)
  8972 | D:11     | Noticed a soul eater
  8972 | D:11     | Reached skill level 12 in Axes
  8978 | D:11     | Noticed an ice devil
  8987 | D:11     | Found a runed door.
  9308 | D:11     | Found a runed door.
  9550 | D:11     | Noticed a hill giant
  9558 | D:11     | Killed a hill giant
  9748 | D:11     | Found a staircase to the Lair.
 10072 | D:11     | Noticed a hill giant
 10078 | D:11     | Killed a hill giant
 10494 | D:11     | Reached skill level 13 in Axes
 10588 | Lair:1   | Entered Level 1 of the Lair of Beasts
 10757 | Lair:1   | Found a dark tunnel.
 10761 | Lair:1   | Reached XP level 12. HP: 102/110 MP: 11/11
 10768 | Volcano  | Entered a volcano
 11123 | Volcano  | Found a bloodstained altar of Trog.
 11123 | Volcano  | Noticed a red draconian
 11145 | Volcano  | Killed a red draconian
 11483 | Lair:1   | Noticed paplaukes's ghost (journeyman DsSk)
 11487 | Lair:1   | Killed paplaukes's ghost
 11602 | Lair:1   | Gained mutation: You are partially covered in thin metallic scales (AC +2). [potion of beneficial mutation]
 11604 | Lair:1   | Gained mutation: Your muscles are strong. (Str +2) [potion of beneficial mutation]
 11701 | Lair:1   | Noticed a four-headed hydra
 11708 | Lair:1   | Killed a one-headed hydra
 12017 | Lair:2   | Received a gift from Okawaru
 12118 | Lair:2   | Reached skill level 14 in Axes
 12158 | Lair:2   | Noticed a six-headed hydra
 12163 | Lair:2   | Killed a four-headed hydra
 12790 | Lair:3   | Noticed a six-headed hydra
 12802 | Lair:3   | Killed a two-headed hydra
 13178 | Lair:3   | Received a gift from Okawaru
 13660 | Lair:3   | Reached ****** piety under Okawaru
 13741 | Lair:3   | Reached XP level 13. HP: 118/118 MP: 12/12
 14244 | Lair:3   | Got a pair of ancient gloves
 14255 | Lair:3   | Identified the +1 pair of gloves "Curphomp Wosa" {Int+3} (You acquired it on level 3 of the Lair of Beasts)
 14269 | Lair:3   | Got a smoking plate armour
 14280 | Lair:3   | Identified the +4 plate armour "Vuplakiter" {MP+9} (You acquired it on level 3 of the Lair of Beasts)
 14387 | Lair:4   | Reached skill level 15 in Axes
 15161 | Lair:5   | Received a gift from Okawaru
 15294 | Lair:5   | Got a faintly humming ring mail
 15295 | Lair:5   | Identified the +4 ring mail "Ycywnima" {rF++ MP+9 Int+2} (You found it on level 5 of the Lair of Beasts)
 15408 | Lair:5   | Found a shattered altar of Ashenzari.
 16013 | Lair:5   | Found a staircase to the Shoals.
 16527 | Lair:6   | Found a hole to the Spider Nest.
 16722 | Lair:6   | Reached skill level 16 in Axes
 16828 | Lair:6   | Got a shimmering plate armour
 16855 | Lair:6   | Identified the cursed +0 plate armour of Wonder {rC+} (You found it on level 6 of the Lair of Beasts)
 17034 | Lair:7   | Received a gift from Okawaru
 17040 | Lair:7   | Got a twisted scale mail {god gift}
 17354 | Lair:7   | Identified the Collected Works on Ice
 17463 | Lair:7   | Noticed Nessos
 17470 | Lair:7   | Killed Nessos
 17470 | Lair:7   | Reached XP level 14. HP: 120/129 MP: 13/13
 17616 | Lair:7   | Identified a +0 pair of boots of running (You found it on level 7 of the Lair of Beasts)
 17628 | Lair:7   | Identified the +1 scale mail of Lies {Str+5} (Okawaru gifted it to you on level 7 of the Lair of Beasts)
 17683 | Lair:7   | Reached skill level 1 in Evocations
 17735 | Lair:7   | Noticed Rupert
 17758 | Lair:7   | Killed Rupert
 17758 | Lair:7   | Reached skill level 17 in Axes
 18160 | Lair:8   | Entered Level 8 of the Lair of Beasts
 18234 | Lair:8   | Received a gift from Okawaru
 18239 | Lair:8   | Got a dazzling shield {god gift}
 18256 | Lair:8   | Identified the +4 shield "Muomeope" {Dex+5} (Okawaru gifted it to you on level 8 of the Lair of Beasts)
 18388 | Lair:8   | Found a viscous altar of Jiyva.
 18388 | Lair:8   | Found a staircase to the Slime Pits.
 18840 | Lair:8   | Reached skill level 18 in Axes
 19471 | Lair:8   | Received a gift from Okawaru
 19474 | Lair:8   | Got a fine hand axe {god gift}
 19480 | Lair:8   | Identified the +7 hand axe of Resourcefulness {chop, rPois} (Okawaru gifted it to you on level 8 of the Lair of Beasts)
 19710 | Lair:8   | Reached XP level 15. HP: 139/139 MP: 14/14
 20322 | Lair:5   | Reached skill level 15 in Shields
 20824 | D:12     | Noticed aves's ghost (novice VSMo)
 20835 | D:12     | Killed aves's ghost
 20878 | D:12     | Reached skill level 1 in Invocations
 21177 | D:12     | Found a staircase to the Orcish Mines.
 21180 | D:12     | Found Riuputaf's Armour Shoppe.
 21454 | D:13     | Received a gift from Okawaru
 22469 | D:13     | Reached skill level 15 in Fighting
 22469 | D:13     | Reached skill level 19 in Axes
 22628 | D:13     | Found a gate to the Vaults.
 22763 | D:14     | Gained mutation: You are covered in fur (AC +1). [potion of mutation]
 22763 | D:14     | Lost mutation: You are covered in fur (AC +1). [potion of mutation]
 22763 | D:14     | Gained mutation: You passively map a small area around you. [potion of mutation]
 22811 | D:14     | Received a gift from Okawaru
 22814 | D:14     | Got a pair of brightly glowing gloves {god gift}
 22825 | D:14     | Identified the +2 pair of gloves "Zier" {rF- rC++ Regen+ Str+4} (Okawaru gifted it to you on level 14 of the Dungeon)
 23246 | D:14     | Gained mutation: You can spit weak poison. [potion of beneficial mutation]
 23421 | D:15     | Entered Level 15 of the Dungeon
 23592 | D:15     | Found an ancient bone altar of Kikubaaqudgha.
 23925 | D:15     | Found a staircase to the Depths.
 24026 | D:15     | Found a glowing golden altar of the Shining One.
 24492 | Orc:1    | Entered Level 1 of the Orcish Mines
 24664 | Orc:2    | Noticed Snorg
 24672 | Orc:2    | Killed Snorg
 25056 | Orc:1    | Found a bloodstained altar of Trog.
 25520 | Orc:3    | Reached XP level 16. HP: 149/149 MP: 15/15
 25584 | Orc:3    | Found Duus's Food Shoppe.
 25592 | Orc:3    | Found Peustu's Armour Emporium.
 25600 | Orc:3    | Bought the +1 pair of gloves of Benevolence {Slay+5} for 412 gold pieces
 25975 | Orc:3    | Noticed Maurice
 25985 | Orc:3    | Killed Maurice
 26180 | Orc:4    | Entered Level 4 of the Orcish Mines
 26501 | Orc:4    | Found Qieb's Book Emporium.
 26501 | Orc:4    | Found Zidaas's Antique Weapon Shoppe.
 26501 | Orc:4    | Found Noclulafiepp's Armour Shoppe.
 26507 | Orc:4    | Found Essul's Antique Weapon Emporium.
 26761 | Orc:4    | Received a gift from Okawaru
 26825 | Orc:4    | Found a staircase to the Elven Halls.
 26842 | Orc:4    | Found Piutehob's General Store.
 26852 | Orc:4    | Bought a potion of cure mutation for 560 gold pieces
 26852 | Orc:4    | Bought a scroll of identify for 32 gold pieces
 26852 | Orc:4    | Bought a potion of heal wounds for 80 gold pieces
 26958 | Orc:4    | Noticed Maud
 26967 | Orc:4    | Killed Maud
 27828 | Spider:1 | Entered Level 1 of the Spider Nest
 28357 | Spider:2 | Reached skill level 20 in Axes
 28368 | Spider:2 | Noticed Agnes
 28378 | Spider:2 | Killed Agnes
 28642 | Spider:2 | Received a gift from Okawaru
 28645 | Spider:2 | Got an ivory battleaxe {god gift}
 28646 | Spider:2 | Identified the +7 battleaxe of Mealor {chop, rF+} (Okawaru gifted it to you on level 2 of the Spider Nest)
 29632 | Spider:4 | Entered Level 4 of the Spider Nest
 30164 | Spider:4 | Reached XP level 17. HP: 128/158 MP: 8/16
 30311 | Spider:4 | Got a gossamer rune of Zot
 30352 | Spider:4 | Received a gift from Okawaru
 30368 | Spider:4 | Got a faintly glowing war axe {god gift}
 30369 | Spider:4 | Identified the +7 war axe "Sah Fuuk" {elec, rC+} (Okawaru gifted it to you on level 4 of the Spider Nest)
 30783 | Shoals:1 | Entered Level 1 of the Shoals
 30806 | Shoals:1 | Found a flickering gateway to a bazaar.
 30877 | Bazaar   | Entered a bazaar
 30879 | Bazaar   | Found Hanomi's Armour Boutique.
 30883 | Bazaar   | Found Zazetebb's General Store.
 30883 | Bazaar   | Found Suvumeng's Weapon Boutique.
 30883 | Bazaar   | Found Feb Tiuti's Distillery.
 30891 | Bazaar   | Bought a potion of might for 52 gold pieces
 30891 | Bazaar   | Bought a potion of curing for 39 gold pieces
 30891 | Bazaar   | Bought a potion of agility for 52 gold pieces
 30891 | Bazaar   | Bought a potion of curing for 39 gold pieces
 30891 | Bazaar   | Bought 2 potions of curing for 78 gold pieces
 30909 | Bazaar   | Bought a scroll of identify for 20 gold pieces
 31739 | Shoals:1 | Noticed Nikola
 31770 | Shoals:1 | Killed Nikola
 31770 | Shoals:1 | Received a gift from Okawaru
 32056 | Shoals:1 | Reached skill level 21 in Axes
 33078 | Shoals:1 | Reached skill level 15 in Armour
 33345 | Shoals:2 | Noticed Polyphemus
 33362 | Shoals:2 | Received a gift from Okawaru
 33371 | Shoals:2 | Killed Polyphemus
 34423 | Shoals:3 | Received a gift from Okawaru
 34433 | Shoals:3 | Got a distressingly furry hat {god gift}
 34434 | Shoals:3 | Identified the +0 hat "Xidij" {Int+3} (Okawaru gifted it to you on level 3 of the Shoals)
 34468 | Shoals:3 | Noticed Roxanne
 34496 | Shoals:3 | Killed Roxanne
 35060 | Shoals:3 | Reached XP level 18. HP: 159/169 MP: 18/18
 35410 | Shoals:4 | Entered Level 4 of the Shoals
 36052 | Shoals:4 | Identified Cigotuvi's Incunabulum of Dusty Transformation
 36072 | Shoals:4 | Got a heavily runed platinum amulet
 36088 | Shoals:4 | Identified the amulet of Pragmatism {Gourm Stlth+} (You took it off a merfolk on level 4 of the Shoals)
 36312 | Shoals:4 | Noticed Ilsuiw
 36709 | Shoals:4 | Reached skill level 22 in Axes
 36712 | Shoals:4 | Received a gift from Okawaru
 37018 | Shoals:4 | Got a barnacled rune of Zot
 37327 | Shoals:4 | Killed Ilsuiw
 38477 | Vaults:1 | Entered Level 1 of the Vaults
 38723 | Vaults:1 | Received a gift from Okawaru
 38921 | Vaults:1 | Reached XP level 19. HP: 171/179 MP: 19/19
 39334 | Vaults:1 | Reached skill level 23 in Axes
 40211 | Vaults:2 | Noticed Norris
 40257 | Vaults:2 | Killed Norris
 40257 | Vaults:2 | Received a gift from Okawaru
 40263 | Vaults:2 | Got a pair of ancient boots {god gift}
 40303 | Vaults:2 | Identified the +0 pair of boots of Untold Secrets {rElec rN+ Dex-4} (Okawaru gifted it to you on level 2 of the Vaults)
 40496 | Vaults:2 | Found a staircase to the Crypt.
 40496 | Vaults:2 | Found an ancient bone altar of Kikubaaqudgha.
 40497 | Vaults:2 | Found a basalt altar of Yredelemnul.
 41250 | Vaults:2 | Reached skill level 24 in Axes
 41333 | Vaults:2 | Received a gift from Okawaru
 41333 | Vaults:2 | Reached XP level 20. HP: 189/189 MP: 20/20
 41384 | Vaults:2 | Found Tohein's Magic Scroll Emporium.
 41388 | Vaults:2 | Bought a scroll of teleportation for 69 gold pieces
 41388 | Vaults:2 | Bought a scroll of identify for 46 gold pieces
 41388 | Vaults:2 | Bought a scroll of teleportation for 69 gold pieces
 41388 | Vaults:2 | Bought a scroll of identify for 46 gold pieces
 41388 | Vaults:2 | Bought a scroll of identify for 46 gold pieces
 41388 | Vaults:2 | Bought a scroll of teleportation for 69 gold pieces
 41631 | Vaults:3 | Found a portal to a secret trove of treasure.
 41981 | Vaults:3 | Received a gift from Okawaru
 42278 | Vaults:3 | Received a gift from Okawaru
 42932 | Vaults:4 | Noticed Saint Roka
 42964 | Vaults:4 | Killed Saint Roka
 43349 | Vaults:4 | Reached skill level 25 in Axes
 44457 | Vaults:5 | Entered Level 5 of the Vaults
 44474 | Vaults:5 | Reached XP level 21. HP: 196/200 MP: 14/21
 44479 | Vaults:5 | Received a gift from Okawaru
 44519 | Vaults:5 | Received a gift from Okawaru
 44538 | Vaults:5 | Reached skill level 26 in Axes
 44823 | Vaults:5 | Received a gift from Okawaru
 44826 | Vaults:5 | Got a twisted broad axe {god gift}
 44857 | Vaults:5 | Noticed a golden dragon
 44861 | Vaults:4 | Identified the +8 broad axe "Killer Klown's Peril" {pain, +Inv rF- rN++ Str+2} (Okawaru gifted it to you on level 5 of the Vaults)
 45152 | Vaults:5 | Killed a golden dragon
 45168 | Vaults:5 | Got a dazzling broad axe {god gift}
 45182 | Vaults:5 | Identified the +3 broad axe of Trauma {speed, rElec rC+ MR+ Dex+3} (Okawaru gifted it to you on level 5 of the Vaults)
 45237 | Vaults:5 | Got a slimy silver amulet
 45324 | Vaults:5 | Got a clouded wooden ring
 45338 | Vaults:5 | Identified the amulet "Joqeix" {rN++ Regen+ MP+9} (You took it off an ogre mage on level 5 of the Vaults)
 45339 | Vaults:5 | Identified the ring "Bimino" {MR+ Stlth+} (You found it on level 5 of the Vaults)
 45555 | Vaults:5 | Noticed Xtahua
 45577 | Vaults:5 | Killed Xtahua
 45611 | Vaults:5 | Received a gift from Okawaru
 46290 | Vaults:5 | Got a crystal hand crossbow
 46326 | Vaults:5 | Reached XP level 22. HP: 159/213 MP: 23/23
 46457 | Vaults:5 | Got a fine hand crossbow
 46458 | Vaults:5 | Identified the +9 hand crossbow "Adetoes" {penet, *Corrode MP+9 Str+4} (You took it off a vault sentinel on level 5 of the Vaults)
 46460 | Vaults:5 | Identified the +5 hand crossbow of the Equator {freeze, rN+} (You found it on level 5 of the Vaults)
 46960 | Vaults:5 | Got a crude ruby amulet
 47006 | Vaults:5 | Identified the amulet of Immahed {rMut MR+} (You took it off a deep elf conjurer on level 5 of the Vaults)
 47045 | Vaults:5 | Noticed Wiglaf
 47059 | Vaults:5 | Killed Wiglaf
 47169 | Vaults:5 | Got a silver rune of Zot
 47174 | Vaults:5 | Identified the Incunabulum of Bewitchment and Attacks
 47286 | Vaults:5 | Got a polished broad axe {flame}
 47300 | Vaults:5 | Identified the cursed +1 broad axe "Oklekhac" {flame, Str+8} (You took it off a vault warden on level 5 of the Vaults)
 47462 | Vaults:5 | Reached skill level 27 in Axes
 48071 | Elf:1    | Entered Level 1 of the Elven Halls
 48304 | Elf:1    | Identified Poet's Catalogue of Creation and Orientation
 48557 | Elf:1    | Found a magical portal.
 48599 | WizLab   | Entered Doroklohe's Tomb
 48655 | WizLab   | Noticed Leszczynek's ghost (adept HuWn)
 48663 | WizLab   | Killed Leszczynek's ghost
 48663 | WizLab   | Received a gift from Okawaru
 48666 | WizLab   | Got a smoking ring mail {god gift}
 48677 | WizLab   | Identified the +0 ring mail of Whack-A-Mole {Str+4} (Okawaru gifted it to you in a wizard's laboratory)
 49166 | WizLab   | Got a pitted triple crossbow
 49167 | WizLab   | Identified the cursed +0 triple crossbow "Fywobbor" {flame, rElec rN+ MR+} (You found it in a wizard's laboratory)
 50192 | Elf:2    | Noticed Aizul
 50200 | Elf:2    | Killed Aizul
 50325 | Elf:2    | Found a huge runed gate.
 50325 | Elf:2    | Found a huge runed gate.
 50325 | Elf:2    | Found a huge runed gate.
 50328 | Elf:2    | Found a huge runed gate.
 50328 | Elf:2    | Found a huge runed gate.
 50770 | Elf:3    | Entered Level 3 of the Elven Halls
 51453 | Elf:3    | Reached XP level 23. HP: 224/224 MP: 24/24
 51784 | Elf:3    | Got a transparent granite ring
 52151 | Elf:3    | Identified the ring of Coronation {+/*Tele rF- rN+ Dex+4 Slay+5} (You took it off a deep elf blademaster on level 3 of the Elven Halls)
 52186 | Elf:3    | Identified the Incunabulum of the Volcanoes and Battle Magic (You found it on level 3 of the Elven Halls)
 52189 | Elf:3    | Got a twitching brass ring
 52243 | Elf:3    | Identified the ring "Kattyekk" {+/*Tele Str+3} (You found it on level 3 of the Elven Halls)
 52876 | Depths:1 | Entered Level 1 of the Depths
 52899 | Depths:1 | Noticed juilesy's ghost (adept MiGl)
 52947 | Depths:1 | Killed juilesy's ghost
 53283 | Depths:1 | Received a gift from Okawaru
 53293 | Depths:1 | Got a smoking chain mail {god gift}
 53342 | Depths:1 | Identified the +1 chain mail of Moarew {rElec rPois rN+++ Dex-3} (Okawaru gifted it to you on level 1 of the Depths)
 53458 | Depths:1 | Found a gateway to Hell.
 53477 | Depths:1 | Got a jewelled chain mail
 53479 | Depths:1 | Got an ebony hand axe
 53482 | Depths:1 | Identified the +10 hand axe "Dragon's Tongue" {elec, +Blink rF+ rN++ MP-9} (You found it on level 1 of the Depths)
 53723 | Depths:1 | Found a basalt altar of Yredelemnul.
 54574 | Depths:2 | Received a gift from Okawaru
 54609 | Depths:2 | Identified the +6 chain mail of Ecebb {+Blink} (You found it on level 1 of the Depths)
 55065 | Depths:2 | Reached XP level 24. HP: 224/238 MP: 24/24
 55889 | Depths:2 | Reached skill level 1 in Crossbows
 55977 | Depths:3 | Found Pegab's Book Shoppe.
 56055 | Depths:3 | Found Ahiegeic's Antique Armour Emporium.
 56178 | Depths:3 | Found a one-way gate leading to the halls of Pandemonium.
 56252 | Depths:3 | Found Sefruluh's General Store.
 56295 | Depths:3 | Bought a scroll of enchant armour for 142 gold pieces
 56295 | Depths:3 | Bought a scroll of magic mapping for 66 gold pieces
 56320 | Depths:3 | Found a one-way gate to the infinite horrors of the Abyss.
 56377 | Depths:3 | Received a gift from Okawaru
 56463 | Depths:3 | Found Xiwniddau's Jewellery Boutique.
 56477 | Depths:3 | Bought a +6 ring of slaying for 2876 gold pieces
 56490 | Depths:3 | Noticed Mara
 56515 | Depths:3 | Noticed Vex's illusion
 56534 | Depths:3 | Noticed Vex's illusion
 56566 | Depths:3 | Killed Mara
 56575 | Depths:3 | Found a gateway to a ziggurat.
 56962 | Depths:3 | Found Ysudghyr's General Store.
 56965 | Depths:3 | Bought a scroll of identify for 34 gold pieces
 57083 | Depths:3 | Noticed a greater mummy
 57093 | Depths:3 | Killed a greater mummy
 57557 | Zig:1    | Entered Level 1 of a ziggurat
 57583 | Zig:2    | Entered Level 2 of a ziggurat
 57628 | Zig:3    | Entered Level 3 of a ziggurat
 57806 | Zig:4    | Entered Level 4 of a ziggurat
 57879 | Zig:4    | Reached skill level 5 in Stealth
 57879 | Zig:4    | Reached skill level 1 in Spellcasting
 57879 | Zig:4    | Reached XP level 25. HP: 250/250 MP: 24/25
 57880 | Zig:4    | Reached XP level 26. HP: 258/258 MP: 24/25
 57898 | Zig:5    | Entered Level 5 of a ziggurat
 57942 | Zig:5    | Identified Vosira's Handbook of Attacks
 57960 | Zig:6    | Entered Level 6 of a ziggurat
 57968 | Zig:6    | Noticed an ancient lich
 57995 | Zig:6    | Killed an ancient lich
 58449 | Zig:6    | Identified Spellcasting, Part Three
 58454 | Zig:6    | Identified a +3 rod of the swarm (10/10) (You found it on level 6 of a ziggurat)
 58472 | Zig:7    | Entered Level 7 of a ziggurat
 58528 | Zig:7    | Gained mutation: You possess an exceptional clarity of mind. [potion of beneficial mutation]
 58544 | Zig:7    | Identified the Tome of Flight
 58554 | Zig:7    | Identified the Reference Book on Boosts and the Rocks
 58563 | Zig:8    | Entered Level 8 of a ziggurat
 58570 | Zig:8    | Noticed Ydybb the pandemonium lord
 58603 | Zig:8    | Killed Ydybb the pandemonium lord
 58603 | Zig:8    | Received a gift from Okawaru
 58603 | Zig:8    | Reached XP level 27. HP: 268/268 MP: 25/25
 58791 | Zig:8    | Got a sparkling bone ring
 58798 | Zig:8    | Got a pitted silver ring
 58815 | Zig:8    | Identified the ring of Vienkaxu {MP+9 Stlth+} (You found it on level 8 of a ziggurat)
 58817 | Zig:8    | Identified the ring "Inasit" {SustAt +Fly rPois Str-3} (You found it on level 8 of a ziggurat)
 58840 | Zig:9    | Entered Level 9 of a ziggurat
 58872 | Zig:9    | Paralysed by accursed screaming for 1 turns
 59035 | Zig:10   | Entered Level 10 of a ziggurat
 59052 | Zig:10   | Noticed Haupu the pandemonium lord
 59080 | Zig:10   | Killed Haupu the pandemonium lord
 59118 | Zig:10   | Identified the Disquisition on Cankerous Evil
 59142 | Zig:10   | Identified Wamaopse's Tome of Calling
 59154 | Zig:10   | Reached skill level 10 in Dodging
 59154 | Zig:10   | Reached skill level 5 in Invocations
 59166 | Zig:11   | Entered Level 11 of a ziggurat
 59180 | Zig:11   | Noticed an ancient lich
 59206 | Zig:11   | Killed an ancient lich
 59257 | Zig:11   | Got a bound copper amulet
 59286 | Zig:11   | Identified the amulet "Wuv Xys" {rCorr rF++ rC+++ Str+4 Slay-3} (You found it on level 11 of a ziggurat)
 59303 | Zig:12   | Entered Level 12 of a ziggurat
 59428 | Zig:12   | Got a smelly scale mail
 59439 | Zig:12   | Identified the +3 scale mail of Welurphoe {rElec} (You found it on level 12 of a ziggurat)
 59480 | Zig:13   | Entered Level 13 of a ziggurat
 59496 | Zig:13   | Noticed Mevo Ger the pandemonium lord
 59522 | Zig:13   | Received a gift from Okawaru
 59546 | Zig:13   | Killed Mevo Ger the pandemonium lord
 59619 | Zig:13   | Got a wavering steel ring
 59625 | Zig:13   | Identified the ring "Foc Asewn" {+Fly rN+ MR+ Stlth+} (You found it on level 13 of a ziggurat)
 59640 | Zig:14   | Entered Level 14 of a ziggurat
 59678 | Zig:14   | Reached skill level 27 in Fighting
 59690 | Zig:14   | Received a gift from Okawaru
 59715 | Zig:14   | Got a steaming hand axe {god gift}
 59795 | Zig:14   | Reached skill level 5 in Crossbows
 59795 | Zig:14   | Reached skill level 10 in Stealth
 59795 | Zig:14   | Reached skill level 5 in Evocations
 59838 | Zig:15   | Entered Level 15 of a ziggurat
 59844 | Zig:15   | Noticed Eheg the pandemonium lord
 59844 | Zig:15   | Noticed Losubbue the pandemonium lord
 59847 | Zig:15   | Noticed Eronugg the pandemonium lord
 59847 | Zig:15   | Noticed Jitzyun the pandemonium lord
 59857 | Zig:15   | Killed Eheg the pandemonium lord
 59859 | Zig:15   | Killed Losubbue the pandemonium lord
 59882 | Zig:15   | Killed Eronugg the pandemonium lord
 59888 | Zig:15   | Killed Jitzyun the pandemonium lord
 59900 | Zig:15   | Received a gift from Okawaru
 60041 | Zig:15   | Identified Sif Muna's Tome of Protection and the Escort
 60063 | Zig:15   | Identified the +0 hand axe "Ogith" {drain, -Tele rC- MP+9 Int+3} (Okawaru gifted it to you on level 14 of a ziggurat)
 60066 | Zig:15   | Got a crude ring mail
 60077 | Zig:15   | Identified the +1 ring mail of Trog's Indignation {rPois rC- Int+4} (You found it on level 15 of a ziggurat)
 60116 | Zig:16   | Entered Level 16 of a ziggurat
 60128 | Zig:16   | Noticed an ancient lich
 60131 | Zig:16   | Noticed an ancient lich
 60131 | Zig:16   | Noticed an ancient lich
 60164 | Zig:16   | Killed an ancient lich
 60166 | Zig:16   | Reached skill level 27 in Shields
 60173 | Zig:16   | Killed an ancient lich
 60173 | Zig:16   | Killed an ancient lich
 60173 | Zig:16   | Received a gift from Okawaru
 60184 | Zig:16   | Paralysed by a giant eyeball for 4 turns
 60191 | Zig:16   | Paralysed by a giant eyeball for 3 turns
 60198 | Zig:16   | Paralysed by a giant eyeball for 3 turns
 60590 | Zig:16   | Got a jewelled broad axe {god gift}
 60621 | Zig:16   | Got a twitching ruby amulet
 60631 | Zig:16   | Identified the +2 broad axe of Usaomozi {drain, SInv} (Okawaru gifted it to you on level 16 of a ziggurat)
 60638 | Zig:16   | Identified the amulet "Ompax" {rCorr rC- rN+ Slay+3} (You found it on level 16 of a ziggurat)
 60669 | Zig:16   | Identified the Grimoire of Summoning
 60678 | Zig:16   | Got a coiled crystal amulet
 60689 | Zig:16   | Identified the amulet "Wuynn" {Spirit MR+ MP+9 Str-2 Stlth+} (You found it on level 16 of a ziggurat)
 60701 | Zig:17   | Entered Level 17 of a ziggurat
 60897 | Zig:17   | Got a heavily runed ring mail
 60908 | Zig:17   | Identified the cursed +0 ring mail of Romatoni {rCorr Dex-5 Slay+3 Stlth+} (You found it on level 17 of a ziggurat)
 60955 | Zig:17   | Reached skill level 1 in Throwing
 60971 | Zig:18   | Entered Level 18 of a ziggurat
 60986 | Zig:18   | Noticed Giatei the pandemonium lord
 61010 | Zig:18   | Received a gift from Okawaru
 61029 | Zig:18   | Killed Giatei the pandemonium lord
 61754 | Depths:4 | Noticed SaintRoka's ghost (veteran MiTm)
 61805 | Depths:4 | Killed SaintRoka's ghost
 62014 | Depths:4 | Received a gift from Okawaru
 62018 | Depths:4 | Reached skill level 15 in Stealth
 62126 | Depths:4 | Found a runed door.
 62402 | Depths:4 | Received a gift from Okawaru
 62811 | Depths:5 | Entered Level 5 of the Depths
 62812 | Depths:5 | Noticed an ancient lich
 62846 | Depths:5 | Killed an ancient lich
 63219 | Depths:5 | Found a gate to the Realm of Zot.
 63241 | Depths:5 | Found Cosix's General Store.
 64119 | Slime:1  | Entered Level 1 of the Pits of Slime
 64296 | Slime:2  | Gained mutation: Your magical capacity is low (-10% MP). [a shining eye]
 64523 | Slime:1  | Gained mutation: Your magical capacity is very low (-20% MP). [a shining eye]
 64554 | Slime:1  | Gained mutation: You have large cloven feet. [a shining eye]
 65111 | Slime:3  | Noticed Dissolution
 65119 | Slime:3  | Killed Dissolution
 65452 | Slime:4  | Gained mutation: Your magical capacity is extremely low (-30% MP). [a shining eye]
 65468 | Slime:4  | Gained mutation: You have supernaturally acute eyesight. [a shining eye]
 65530 | Slime:4  | Lost mutation: You have supernaturally acute eyesight. [a shining eye]
 65531 | Slime:4  | Gained mutation: Armour fits poorly on your strangely shaped body. [a shining eye]
 65564 | Slime:4  | Received a gift from Okawaru
 66155 | Slime:6  | Entered Level 6 of the Pits of Slime
 66176 | Slime:6  | Gained mutation: Your spells are a little easier to cast, but a little less powerful. [a shining eye]
 66178 | Slime:6  | Gained mutation: You are dopey. (Int -2) [a shining eye]
 66179 | Slime:6  | Gained mutation: You are partially covered in slimy green scales (AC +2). [a shining eye]
 66183 | Slime:6  | Gained mutation: Potions and wands are less effective at restoring your health. [a shining eye]
 66187 | Slime:6  | Gained mutation: You are very dopey. (Int -4) [a shining eye]
 66198 | Slime:6  | Lost mutation: Your magical capacity is extremely low (-30% MP). [potion of cure mutation]
 66198 | Slime:6  | Lost mutation: Your muscles are strong. (Str +2) [potion of cure mutation]
 66198 | Slime:6  | Lost mutation: Your magical capacity is very low (-20% MP). [potion of cure mutation]
 66199 | Slime:6  | Lost mutation: Your spells are a little easier to cast, but a little less powerful. [potion of cure mutation]
 66199 | Slime:6  | Lost mutation: You can spit weak poison. [potion of cure mutation]
 66199 | Slime:6  | Lost mutation: You have large cloven feet. [potion of cure mutation]
 66199 | Slime:6  | Lost mutation: You possess an exceptional clarity of mind. [potion of cure mutation]
 66200 | Slime:6  | Lost mutation: You are very dopey. (Int -4) [potion of cure mutation]
 66200 | Slime:6  | Lost mutation: Armour fits poorly on your strangely shaped body. [potion of cure mutation]
 66200 | Slime:6  | Lost mutation: You passively map a small area around you. [potion of cure mutation]
 66200 | Slime:6  | Lost mutation: You are dopey. (Int -2) [potion of cure mutation]
 66200 | Slime:6  | Lost mutation: Your magical capacity is low (-10% MP). [potion of cure mutation]
 66438 | Slime:6  | Noticed the royal jelly
 66452 | Slime:6  | Killed the royal jelly
 66940 | Slime:6  | Got a slimy rune of Zot
 68372 | Zot:1    | Entered Level 1 of the Realm of Zot
 68372 | Zot:1    | Noticed an orb of fire
 68384 | Zot:1    | Killed an orb of fire
 68934 | Zot:1    | Received a gift from Okawaru
 68949 | Zot:1    | Got a pair of distressingly furry boots {god gift}
 68999 | Zot:1    | Identified the +0 pair of boots of the New World {rF+ rC+} (Okawaru gifted it to you on level 1 of the Realm of Zot)
 71189 | Zot:3    | Got a coiled granite ring
 71201 | Zot:3    | Identified the ring "Wuipua" {rN++ EV+2} (You found it on level 3 of the Realm of Zot)
 71975 | Zot:4    | Noticed Tiamat
 72009 | Zot:4    | Received a gift from Okawaru
 72048 | Zot:4    | Killed Tiamat
 72745 | Zot:5    | Entered Level 5 of the Realm of Zot
 72962 | Zot:5    | Received a gift from Okawaru
 72992 | Zot:5    | Noticed an ancient lich
 73009 | Zot:5    | Killed an ancient lich
 73009 | Zot:5    | Received a gift from Okawaru
 73034 | Zot:5    | Noticed an ancient lich
 73037 | Zot:5    | Noticed an ancient lich
 73051 | Zot:5    | Noticed an orb of fire
 73056 | Zot:5    | Noticed an orb of fire
 73056 | Zot:5    | Killed an ancient lich
 73458 | Zot:5    | Killed an ancient lich
 73510 | Zot:5    | Received a gift from Okawaru
 73707 | Zot:5    | Got a transparent scale mail {god gift}
 73708 | Zot:5    | Identified the +1 scale mail "Ruway" {MP+9} (Okawaru gifted it to you on level 5 of the Realm of Zot)
 73965 | Zot:5    | Noticed an orb of fire
 73974 | Zot:5    | Lost mutation: Potions and wands are less effective at restoring your health. [an orb of fire]
 73982 | Zot:5    | Killed an orb of fire
 73993 | Zot:5    | Gained mutation: Armour fits poorly on your strangely shaped body. [an orb of fire]
 73994 | Zot:5    | Noticed an orb of fire
 73995 | Zot:5    | Gained mutation: You are frail (-10% HP). [an orb of fire]
 74000 | Zot:5    | Gained mutation: Potions and wands are less effective at restoring your health. [an orb of fire]
 74008 | Zot:5    | Killed an orb of fire
 74012 | Zot:5    | Killed an orb of fire
 74012 | Zot:5    | Reached skill level 10 in Invocations
 74183 | Zot:5    | Killed an orb of fire
 74184 | Zot:5    | Lost mutation: You are partially covered in thin metallic scales (AC +2). [potion of cure mutation]
 74184 | Zot:5    | Lost mutation: You are partially covered in slimy green scales (AC +2). [potion of cure mutation]
 74184 | Zot:5    | Lost mutation: You are frail (-10% HP). [potion of cure mutation]
 74185 | Zot:5    | Lost mutation: Armour fits poorly on your strangely shaped body. [potion of cure mutation]
 74185 | Zot:5    | Lost mutation: Potions and wands are less effective at restoring your health. [potion of cure mutation]
 74521 | Zot:5    | Got the Orb of Zot
 74566 | Zot:5    | Noticed Afaroidgh the pandemonium lord
 74566 | Zot:5    | Noticed an ancient lich
 74611 | Zot:5    | Killed Afaroidgh the pandemonium lord
 74851 | Zot:4    | Noticed Diliroet the pandemonium lord
 74869 | Zot:4    | Killed Diliroet the pandemonium lord
 75061 | Zot:2    | Noticed Ybrofez the pandemonium lord
 75071 | Zot:2    | Killed Ybrofez the pandemonium lord
 75373 | D:15     | Noticed Jucrair the pandemonium lord
 75379 | D:15     | Paralysed by a giant eyeball for 2 turns
 75384 | D:15     | Killed Jucrair the pandemonium lord
 75386 | D:15     | Received a gift from Okawaru
 75412 | D:14     | Noticed Louskell the pandemonium lord
 75434 | D:14     | Killed Louskell the pandemonium lord
 75442 | D:14     | Noticed Uthuaqep the pandemonium lord
 75467 | D:14     | Killed Uthuaqep the pandemonium lord
 75475 | D:14     | HP: 4/273 [Shadow Fiend/bolt of negative energy[Uthuaqep] (23)]
 75690 | D:11     | Noticed Rugut the pandemonium lord
 75853 | D:7      | Gained mutation: Armour fits poorly on your strangely shaped body. [a cacodemon]
 75864 | D:6      | Found a shimmering altar of Xom.
 75902 | D:7      | Noticed Uvacapn the pandemonium lord
 75904 | D:7      | Noticed an ancient lich
 75914 | D:7      | Killed Uvacapn the pandemonium lord
 75921 | D:7      | Killed an ancient lich
 75921 | D:7      | Received a gift from Okawaru
 75927 | D:7      | Got a distressingly furry shield {god gift}
 76081 | D:$      | Escaped with the Orb!

Action                   |  1- 3 |  4- 6 |  7- 9 | 10-12 | 13-15 | 16-18 | 19-21 | 22-24 | 25-27 || total
-------------------------+-------+-------+-------+-------+-------+-------+-------+-------+-------++-------
Melee: War axe           |    67 |   143 |   365 |   483 |       |   722 |   893 |    26 |       ||  2699
       Broad axe         |       |       |       |   168 |   543 |       |    97 |  1413 |  2234 ||  4455
       Hand axe          |       |       |       |       |   587 |   717 |       |     3 |       ||  1307
 Fire: Hand crossbow     |       |       |       |       |       |       |       |     5 |       ||     5
Invok: Heroism           |       |       |     1 |     3 |     2 |     2 |     1 |       |     8 ||    17
       Finesse           |       |       |       |       |       |       |     2 |     1 |     9 ||    12
 Abil: Evoke Blink       |       |       |       |       |       |       |       |     1 |       ||     1
Evoke: Wand              |       |       |       |     1 |     6 |    18 |       |     7 |    25 ||    57
       Stone of tremors  |       |       |       |       |     1 |     1 |       |     1 |       ||     3
       Phial of floods   |       |       |       |       |       |       |       |     1 |       ||     1
       Sack of spiders   |       |       |       |       |       |       |       |     1 |       ||     1
       Phantom mirror    |       |       |       |       |       |       |       |     1 |       ||     1
  Use: Potion            |     5 |     3 |     4 |     7 |    16 |    18 |     4 |     8 |    27 ||    92
       Scroll            |     5 |     4 |     8 |    11 |    17 |    22 |    15 |    12 |    33 ||   127
 Stab: Invisible         |       |       |       |       |     5 |     5 |       |     2 |   132 ||   144
       Petrified         |       |       |       |       |       |     1 |       |       |       ||     1
       Sleeping          |       |       |       |       |       |       |       |       |    13 ||    13
       Distracted        |       |       |       |       |       |       |       |       |     3 ||     3
  Eat: Chunk             |     1 |     8 |     5 |    11 |    29 |    25 |    22 |    32 |    31 ||   164
       Meat ration       |       |       |     1 |     1 |     1 |     1 |       |       |       ||     4
       Beef jerky        |       |       |     1 |       |     1 |     1 |     1 |     1 |     7 ||    12
       Fruit             |       |       |     2 |       |       |     1 |       |       |     7 ||    10
       Pizza             |       |       |     1 |     3 |     1 |     4 |       |     1 |       ||    10
       Bread ration      |       |       |       |     1 |       |       |       |       |     1 ||     2
       Royal jelly       |       |       |       |       |       |     2 |       |       |     5 ||     7
